2485 views
Uploaded 2021-08-30 11:19:12
Game version 1.32.10
31:28 long 2on2 ladder game on (4)HillsbradCreek
Saved by lowlyworm
2485 views
Uploaded 2021-08-30 11:19:12
Game version 1.32.10
31:28 long 2on2 ladder game on (4)HillsbradCreek


88 units @ 13.7k
/ 1.6k
39 buildings @ 4.5k
/ 1.6k


| Lesser Clarity Potion | 1 | 70 |
| Healing Salve | 7 | 700 |
| Scroll of Speed | 2 | 100 |
| Tiny Great Hall | 1 | 600 |
| Orb of Lightning | 2 | 750 |
| Scroll of Town Portal | 4 | 1400 |
| total: | 17 | 3620g |
| Peon | 6 | 450 | / | 0 |
| Grunt | 2 | 400 | / | 0 |
| Troll Headhunter | 11 | 1540 | / | 220 |
| Wind Rider | 12 | 3180 | / | 480 |
| Troll Berserker | 6 | 840 | / | 120 |
| total: | 37 | 6410g | / | 820w |
| Watch Tower | 3 | 330 | / | 240 |
| Altar of Storms | 1 | 180 | / | 50 |
| Orc Burrow | 7 | 1120 | / | 280 |
| Barracks | 1 | 180 | / | 50 |
| War Mill | 1 | 205 | / | 0 |
| Voodoo Lounge | 1 | 130 | / | 30 |
| Beastiary | 1 | 145 | / | 140 |
| Stronghold | 1 | 315 | / | 190 |
| Fortress | 1 | 325 | / | 190 |
| total: | 15 | 2290g | / | 790w |
| 0:05 | Altar of Storms |
| 0:06 | Peon |
| 0:13 | Orc Burrow |
| 0:17 | Peon |
| 0:37 | Barracks |
| 0:38 | Peon |
| 1:16 | Peon |
| 1:19 | Peon |
| 1:22 | War Mill |
| 1:35 | Peon |
| 1:49 | Orc Burrow |
| 2:01 | Grunt |
| 2:06 | Wind Walk |
| 2:21 | Grunt |
| 3:01 | Voodoo Lounge |
| 3:11 | Troll Headhunter |
| 3:13 | Steel Ranged Weapons |
| 3:55 | Troll Headhunter |
| 4:12 | Stronghold |
| 4:18 | Troll Headhunter |
| 5:11 | Troll Headhunter |
| 5:26 | Troll Headhunter |
| 5:39 | Watch Tower |
| 5:42 | Orc Burrow |
| 6:30 | Lesser Clarity Potion |
| 6:30 | Healing Salve |
| 6:31 | Scroll of Speed |
| 6:46 | Beastiary |
| 6:50 | Troll Regeneration |
| 6:51 | Troll Headhunter |
| 6:51 | Troll Headhunter |
| 7:03 | Critical Strike |
| 7:09 | Troll Headhunter |
| 7:12 | Steel Armor |
| 9:14 | Troll Headhunter |
| 9:14 | Troll Headhunter |
| 9:17 | Endurance Aura |
| 9:20 | Scroll of Town Portal |
| 9:20 | Scroll of Town Portal |
| 10:18 | Healing Salve |
| 10:42 | Fortress |
| 10:43 | Thorium Ranged Weapons |
| 10:58 | War Stomp |
| 11:10 | Troll Headhunter |
| 11:23 | Orc Burrow |
| 11:28 | Scroll of Town Portal |
| 12:13 | Orc Burrow |
| 12:16 | Orc Burrow |
| 12:41 | Thorium Armor |
| 13:23 | Wind Rider |
| 13:23 | Wind Rider |
| 13:23 | Wind Rider |
| 13:24 | Envenomed Spears |
| 13:35 | Berserker Upgrade |
| 14:46 | Mirror Image |
| 15:32 | Wind Rider |
| 15:32 | Wind Rider |
| 15:32 | Wind Rider |
| 15:42 | Tiny Great Hall |
| 15:44 | Orb of Lightning |
| 15:51 | Troll Berserker |
| 15:56 | Healing Salve |
| 16:08 | Scroll of Speed |
| 16:33 | Wind Rider |
| 18:01 | Wind Rider |
| 18:01 | Wind Rider |
| 19:41 | Endurance Aura |
| 19:44 | Healing Salve |
| 19:44 | Healing Salve |
| 19:45 | Orb of Lightning |
| 20:00 | Orc Burrow |
| 22:02 | Wind Rider |
| 22:02 | Wind Rider |
| 22:03 | Wind Rider |
| 22:15 | Healing Salve |
| 22:15 | Scroll of Town Portal |
| 24:01 | Critical Strike |
| 27:34 | Troll Berserker |
| 28:11 | War Stomp |
| 29:33 | Troll Berserker |
| 29:34 | Troll Berserker |
| 30:05 | Troll Berserker |
| 30:11 | Watch Tower |
| 30:14 | Watch Tower |
| 30:19 | Troll Berserker |
| 31:13 | Healing Salve |
| Right click | 1598 |
| Select | 425 |
| Build/train/purchase | 127 |
| Use ability | 30 |
| Select group | 21 |
| Misc. action | 7 |
| Resource trade | 4 |
| Chat | 4 |
| Assign group | 3 |
| Remove unit | 2 |
| Minimap ping | 1 |


| Scroll of Regeneration | 4 | 400 |
| Potion of Healing | 1 | 150 |
| Scroll of Town Portal | 1 | 350 |
| total: | 6 | 900g |
| Peasant | 15 | 1125 | / | 0 |
| Footman | 16 | 2160 | / | 0 |
| Rifleman | 15 | 3075 | / | 450 |
| Mortar Team | 5 | 900 | / | 350 |
| total: | 51 | 7260g | / | 800w |
| Scout Tower | 6 | 180 | / | 120 |
| Arcane Tower | 3 | 210 | / | 150 |
| Guard Tower | 1 | 70 | / | 50 |
| Farm | 10 | 800 | / | 200 |
| Altar of Kings | 2 | 360 | / | 100 |
| Barracks | 1 | 160 | / | 60 |
| Arcane Vault | 1 | 130 | / | 30 |
| Blacksmith | 2 | 280 | / | 120 |
| Lumber Mill | 1 | 120 | / | 0 |
| Workshop | 1 | 140 | / | 140 |
| Keep | 1 | 320 | / | 210 |
| total: | 24 | 2170g | / | 770w |
| 0:03 | Peasant |
| 0:03 | Peasant |
| 0:09 | Farm |
| 0:10 | Farm |
| 0:13 | Altar of Kings |
| 0:22 | Peasant |
| 0:43 | Barracks |
| 0:47 | Peasant |
| 1:02 | Peasant |
| 1:12 | Peasant |
| 1:20 | Peasant |
| 1:35 | Farm |
| 1:38 | Peasant |
| 1:45 | Arcane Vault |
| 1:53 | Footman |
| 2:08 | Footman |
| 2:15 | Summon Water Elemental |
| 2:22 | Footman |
| 2:34 | Scout Tower |
| 2:38 | Footman |
| 3:05 | Arcane Tower |
| 3:39 | Keep |
| 3:40 | Footman |
| 3:43 | Blacksmith |
| 3:59 | Defend |
| 4:24 | Footman |
| 5:47 | Footman |
| 5:47 | Footman |
| 5:49 | Footman |
| 5:49 | Footman |
| 5:52 | Brilliance Aura |
| 6:57 | Peasant |
| 6:57 | Peasant |
| 6:57 | Peasant |
| 6:57 | Peasant |
| 6:57 | Peasant |
| 7:01 | Scout Tower |
| 7:01 | Scout Tower |
| 7:01 | Scout Tower |
| 7:04 | Long Rifles |
| 7:07 | Blacksmith |
| 7:23 | Footman |
| 7:23 | Footman |
| 7:27 | Scroll of Regeneration |
| 7:32 | Arcane Tower |
| 7:50 | Footman |
| 7:57 | Lumber Mill |
| 8:00 | Arcane Tower |
| 8:05 | Peasant |
| 8:05 | Peasant |
| 8:46 | Farm |
| 8:46 | Farm |
| 8:46 | Farm |
| 8:58 | Iron Plating |
| 10:07 | Summon Water Elemental |
| 10:26 | Footman |
| 10:26 | Footman |
| 10:26 | Footman |
| 10:57 | Workshop |
| 11:03 | Black Gunpowder |
| 11:04 | Improved Masonry |
| 11:20 | Rifleman |
| 12:00 | Rifleman |
| 12:01 | Rifleman |
| 12:10 | Flare |
| 12:33 | Rifleman |
| 12:37 | Scout Tower |
| 12:39 | Scout Tower |
| 13:27 | Rifleman |
| 13:27 | Rifleman |
| 13:28 | Mortar Team |
| 13:39 | Holy Light |
| 15:26 | Rifleman |
| 15:26 | Rifleman |
| 15:29 | Guard Tower |
| 15:31 | Refined Gunpowder |
| 15:31 | Studded Leather Armor |
| 15:37 | Mortar Team |
| 15:55 | Scroll of Regeneration |
| 16:02 | Rifleman |
| 19:02 | Reinforced Leather Armor |
| 19:05 | Farm |
| 19:05 | Farm |
| 19:05 | Farm |
| 19:05 | Farm |
| 19:43 | Rifleman |
| 19:43 | Rifleman |
| 19:48 | Scroll of Town Portal |
| 19:49 | Scroll of Regeneration |
| 19:49 | Scroll of Regeneration |
| 20:01 | Advanced Masonry |
| 20:04 | Mortar Team |
| 20:05 | Mortar Team |
| 20:06 | Rifleman |
| 20:55 | Rifleman |
| 20:57 | Mortar Team |
| 21:08 | Blizzard |
| 22:00 | Divine Shield |
| 22:27 | Holy Light |
| 22:47 | Summon Water Elemental |
| 23:27 | Rifleman |
| 23:28 | Rifleman |
| 29:26 | Altar of Kings |
| 30:26 | Potion of Healing |
| Right click | 968 |
| Select | 505 |
| Build/train/purchase | 126 |
| Misc. action | 24 |
| Use ability | 24 |
| Chat | 4 |
| Remove unit | 2 |
| Minimap ping | 1 |
88 units @ 11.5k
/ 1.4k
42 buildings @ 6.4k
/ 3.1k


| Healing Salve | 4 | 400 |
| Lesser Clarity Potion | 7 | 490 |
| Scroll of Speed | 8 | 400 |
| Potion of Healing | 7 | 1050 |
| Potion of Mana | 5 | 1000 |
| Scroll of Town Portal | 1 | 350 |
| Staff of Teleportation | 1 | 150 |
| total: | 33 | 3840g |
| Peon | 12 | 900 | / | 0 |
| Grunt | 2 | 400 | / | 0 |
| Troll Headhunter | 17 | 2380 | / | 340 |
| Troll Witch Doctor | 1 | 145 | / | 25 |
| Kodo Beast | 1 | 255 | / | 60 |
| Troll Berserker | 10 | 1400 | / | 200 |
| Demolisher | 2 | 440 | / | 100 |
| Troll Batrider | 2 | 320 | / | 80 |
| total: | 47 | 6240g | / | 805w |
| Watch Tower | 1 | 110 | / | 80 |
| Altar of Storms | 1 | 180 | / | 50 |
| Orc Burrow | 4 | 640 | / | 160 |
| Barracks | 1 | 180 | / | 50 |
| War Mill | 1 | 205 | / | 0 |
| Voodoo Lounge | 3 | 390 | / | 90 |
| Spirit Lodge | 1 | 150 | / | 150 |
| Beastiary | 2 | 290 | / | 280 |
| Stronghold | 1 | 315 | / | 190 |
| Fortress | 1 | 325 | / | 190 |
| total: | 14 | 2145g | / | 860w |
| 0:04 | Peon |
| 0:04 | Peon |
| 0:08 | Altar of Storms |
| 0:19 | Orc Burrow |
| 0:38 | Barracks |
| 0:39 | Peon |
| 0:39 | Peon |
| 0:48 | Peon |
| 1:08 | War Mill |
| 1:24 | Peon |
| 1:42 | Grunt |
| 1:44 | Peon |
| 1:54 | Orc Burrow |
| 2:00 | Peon |
| 2:21 | War Stomp |
| 2:24 | Troll Headhunter |
| 2:47 | Troll Headhunter |
| 2:49 | Peon |
| 2:50 | Troll Headhunter |
| 3:03 | Voodoo Lounge |
| 3:28 | Troll Headhunter |
| 3:41 | Peon |
| 3:57 | Stronghold |
| 4:01 | Endurance Aura |
| 4:07 | Troll Headhunter |
| 4:28 | Orc Burrow |
| 4:50 | Healing Salve |
| 4:50 | Lesser Clarity Potion |
| 4:51 | Scroll of Speed |
| 5:56 | Scroll of Speed |
| 6:10 | Troll Headhunter |
| 6:11 | Troll Headhunter |
| 6:36 | Grunt |
| 6:36 | Troll Headhunter |
| 6:52 | Troll Headhunter |
| 7:13 | Troll Headhunter |
| 7:13 | Troll Regeneration |
| 7:16 | Reinforced Defenses |
| 7:25 | War Stomp |
| 7:32 | Peon |
| 7:34 | Peon |
| 7:37 | Healing Salve |
| 7:37 | Lesser Clarity Potion |
| 7:37 | Scroll of Speed |
| 7:56 | Hex |
| 8:05 | Watch Tower |
| 8:18 | Spirit Lodge |
| 8:33 | Troll Headhunter |
| 8:46 | Steel Ranged Weapons |
| 8:55 | Potion of Healing |
| 8:55 | Potion of Mana |
| 9:02 | Scroll of Speed |
| 9:08 | Troll Headhunter |
| 10:09 | Healing Wave |
| 10:09 | Healing Wave |
| 10:30 | Fortress |
| 10:31 | Thorium Ranged Weapons |
| 10:32 | Troll Headhunter |
| 10:37 | Troll Witch Doctor |
| 10:46 | Orc Burrow |
| 10:57 | Healing Salve |
| 11:02 | Lesser Clarity Potion |
| 11:02 | Scroll of Speed |
| 11:14 | Troll Headhunter |
| 12:04 | Beastiary |
| 12:07 | Beastiary |
| 12:16 | Endurance Aura |
| 12:17 | Healing Wave |
| 12:28 | Troll Headhunter |
| 13:03 | Berserker Upgrade |
| 13:04 | Troll Headhunter |
| 13:05 | Arcanite Ranged Weapons |
| 13:15 | Kodo Beast |
| 13:32 | Troll Headhunter |
| 14:05 | Potion of Healing |
| 14:16 | Steel Armor |
| 14:20 | Potion of Mana |
| 14:21 | Potion of Healing |
| 14:21 | Scroll of Speed |
| 15:19 | Troll Berserker |
| 15:19 | Troll Berserker |
| 15:36 | Troll Berserker |
| 15:52 | Scroll of Town Portal |
| 15:56 | Healing Salve |
| 15:56 | Lesser Clarity Potion |
| 15:56 | Scroll of Speed |
| 16:01 | Lesser Clarity Potion |
| 16:16 | Potion of Healing |
| 16:20 | Potion of Mana |
| 16:28 | Demolisher |
| 16:37 | Lesser Clarity Potion |
| 17:18 | Hex |
| 17:44 | Troll Berserker |
| 17:44 | Troll Berserker |
| 17:54 | Voodoo Lounge |
| 18:04 | Troll Berserker |
| 18:04 | Demolisher |
| 19:02 | Troll Berserker |
| 19:28 | War Stomp |
| 19:51 | Voodoo Lounge |
| 21:03 | Troll Berserker |
| 21:03 | Troll Berserker |
| 21:04 | Troll Batrider |
| 21:04 | Troll Batrider |
| 21:05 | War Drums Damage Increase |
| 21:10 | Potion of Mana |
| 21:11 | Potion of Healing |
| 21:42 | Potion of Mana |
| 21:42 | Potion of Healing |
| 21:43 | Potion of Healing |
| 21:59 | Lesser Clarity Potion |
| 21:59 | Scroll of Speed |
| 22:07 | Troll Berserker |
| 22:18 | Healing Wave |
| 22:19 | Healing Wave |
| 29:52 | Staff of Teleportation |
| 31:23 | Reincarnation |
| Right click | 958 |
| Select | 513 |
| Select group | 490 |
| Chat | 465 |
| Misc. action | 251 |
| Build/train/purchase | 190 |
| Assign group | 78 |
| Use ability | 65 |
| Resource trade | 19 |
| Item give/drop | 4 |
| Esc | 2 |
| Remove unit | 1 |
| Minimap ping | 1 |
lowlyworm
(25)
(31:27) : 
| Healing Salve | 9 | 900 |
| Lesser Clarity Potion | 16 | 1120 |
| Potion of Mana | 9 | 1800 |
| Potion of Healing | 7 | 1050 |
| Scroll of Speed | 2 | 100 |
| Orb of Lightning | 2 | 750 |
| Dust of Appearance | 1 | 75 |
| Scroll of Town Portal | 8 | 2800 |
| Boots of Speed | 1 | 250 |
| Staff of Teleportation | 1 | 150 |
| Circlet of Nobility | 1 | 175 |
| total: | 57 | 9170g |
| Peon | 18 | 1350 | / | 0 |
| Grunt | 4 | 800 | / | 0 |
| Spirit Walker | 3 | 585 | / | 105 |
| Shaman | 6 | 780 | / | 120 |
| Troll Witch Doctor | 4 | 580 | / | 100 |
| Kodo Beast | 1 | 255 | / | 60 |
| Troll Batrider | 4 | 640 | / | 160 |
| Wind Rider | 1 | 265 | / | 40 |
| total: | 41 | 5255g | / | 585w |
| Watch Tower | 6 | 660 | / | 480 |
| Altar of Storms | 1 | 180 | / | 50 |
| Orc Burrow | 4 | 640 | / | 160 |
| Voodoo Lounge | 4 | 520 | / | 120 |
| Barracks | 2 | 360 | / | 100 |
| War Mill | 2 | 410 | / | 0 |
| Great Hall | 1 | 385 | / | 185 |
| Tauren Totem | 3 | 405 | / | 465 |
| Spirit Lodge | 2 | 300 | / | 300 |
| Beastiary | 3 | 435 | / | 420 |
| Stronghold | 2 | 630 | / | 380 |
| Fortress | 3 | 975 | / | 570 |
| total: | 28 | 4295g | / | 2280w |
| 0:02 | Peon |
| 0:02 | Peon |
| 0:06 | Altar of Storms |
| 0:19 | Orc Burrow |
| 0:35 | Peon |
| 0:48 | Peon |
| 1:08 | Voodoo Lounge |
| 1:14 | Peon |
| 1:27 | Peon |
| 1:32 | Barracks |
| 1:41 | Orc Burrow |
| 1:53 | Peon |
| 2:09 | Feral Spirit |
| 2:10 | Feral Spirit |
| 2:40 | Grunt |
| 2:58 | Pillage |
| 3:35 | Grunt |
| 3:52 | Stronghold |
| 4:29 | Boots of Speed |
| 4:29 | Dust of Appearance |
| 4:30 | Staff of Teleportation |
| 4:30 | Circlet of Nobility |
| 4:35 | Grunt |
| 5:21 | Grunt |
| 5:24 | Voodoo Lounge |
| 5:58 | War Mill |
| 6:20 | Orc Burrow |
| 6:29 | War Mill |
| 6:40 | Chain Lighting |
| 6:47 | Healing Salve |
| 6:47 | Lesser Clarity Potion |
| 7:19 | Barracks |
| 7:25 | Voodoo Lounge |
| 7:29 | Tauren Totem |
| 7:33 | Scroll of Town Portal |
| 7:39 | Lesser Clarity Potion |
| 7:50 | Peon |
| 7:50 | Peon |
| 8:02 | Reinforced Defenses |
| 8:04 | Tauren Totem |
| 9:02 | Lesser Clarity Potion |
| 9:04 | Healing Salve |
| 9:09 | Potion of Mana |
| 9:15 | Potion of Healing |
| 9:46 | Peon |
| 9:46 | Peon |
| 9:53 | Tauren Totem |
| 10:02 | Lesser Clarity Potion |
| 10:04 | Potion of Mana |
| 10:06 | Scroll of Speed |
| 10:13 | Watch Tower |
| 10:38 | Spirit Lodge |
| 10:40 | Peon |
| 10:40 | Peon |
| 10:42 | Lesser Clarity Potion |
| 10:44 | Healing Salve |
| 10:50 | Feral Spirit |
| 11:02 | Peon |
| 11:16 | Watch Tower |
| 11:33 | Spirit Walker |
| 11:34 | Spirit Walker Adept Training |
| 12:21 | Spirit Walker |
| 12:22 | Shaman Adept Training |
| 12:23 | Witch Doctor Adept Training |
| 12:32 | Fortress |
| 12:32 | Fortress |
| 13:22 | Spirit Walker |
| 13:25 | Beastiary |
| 13:32 | Shaman Master Training |
| 13:37 | Spirit Lodge |
| 13:59 | Lesser Clarity Potion |
| 14:04 | Potion of Mana |
| 14:06 | Lesser Clarity Potion |
| 14:47 | Lesser Clarity Potion |
| 14:50 | Healing Salve |
| 14:52 | Orb of Lightning |
| 14:52 | Orb of Lightning |
| 15:08 | Potion of Healing |
| 15:23 | Healing Salve |
| 15:29 | Lesser Clarity Potion |
| 15:35 | Scroll of Speed |
| 15:49 | Chain Lighting |
| 16:16 | Orc Burrow |
| 16:39 | Great Hall |
| 17:36 | Witch Doctor Master Training |
| 17:37 | Shaman |
| 17:42 | Lesser Clarity Potion |
| 17:44 | Healing Salve |
| 17:51 | Potion of Mana |
| 18:00 | Scroll of Town Portal |
| 18:00 | Scroll of Town Portal |
| 18:00 | Scroll of Town Portal |
| 18:49 | Lesser Clarity Potion |
| 18:51 | Potion of Mana |
| 18:56 | Scroll of Town Portal |
| 18:56 | Scroll of Town Portal |
| 18:57 | Scroll of Town Portal |
| 19:14 | Shaman |
| 19:14 | Troll Witch Doctor |
| 19:51 | Peon |
| 19:51 | Peon |
| 19:51 | Peon |
| 19:51 | Peon |
| 19:58 | Troll Witch Doctor |
| 20:00 | Kodo Beast |
| 20:00 | War Drums Damage Increase |
| 20:51 | Beastiary |
| 21:29 | Chain Lighting |
| 21:38 | Beastiary |
| 21:40 | Troll Batrider |
| 21:40 | Troll Batrider |
| 21:51 | Lesser Clarity Potion |
| 22:09 | Potion of Mana |
| 22:13 | Troll Batrider |
| 22:15 | Healing Salve |
| 22:21 | Potion of Healing |
| 22:23 | Scroll of Town Portal |
| 22:28 | Potion of Healing |
| 23:28 | Troll Witch Doctor |
| 23:28 | Shaman |
| 23:31 | Envenomed Spears |
| 23:31 | Wind Rider |
| 24:06 | Shaman |
| 24:14 | Feral Spirit |
| 24:28 | Steel Ranged Weapons |
| 24:40 | Potion of Healing |
| 24:42 | Potion of Mana |
| 24:43 | Lesser Clarity Potion |
| 25:02 | Potion of Healing |
| 25:29 | Troll Batrider |
| 25:48 | Healing Salve |
| 25:57 | Lesser Clarity Potion |
| 26:11 | Potion of Mana |
| 26:38 | Far Sight |
| 28:18 | Watch Tower |
| 28:19 | Watch Tower |
| 28:20 | Watch Tower |
| 28:26 | Earth Quake |
| 28:54 | Watch Tower |
| 29:08 | Lesser Clarity Potion |
| 29:10 | Healing Salve |
| 29:17 | Potion of Healing |
| 29:54 | Lesser Clarity Potion |
| 29:56 | Potion of Mana |
| 30:14 | Troll Witch Doctor |
| 31:04 | Shaman |
| 31:12 | Shaman |
| 31:17 | Voodoo Lounge |
| Right click | 1380 |
| Select group | 1264 |
| Select | 588 |
| Chat | 402 |
| Build/train/purchase | 272 |
| Use ability | 122 |
| Misc. action | 116 |
| Assign group | 76 |
| Resource trade | 32 |
| Item give/drop | 15 |
| Esc | 14 |
| Minimap ping | 11 |
⇛